 Dungeon Crawl Stone Soup version 0.19-a0-975-gfff5315 (webtiles) character file.

182 4thArraOfDagon the Chopper (level 5, -3/47 HPs)
             Began as a Hill Orc Fighter on July 13, 2016.
             Killed by divine providence
             ... invoked by an orc priest
              (12 damage)
             ... on level 5 of the Dungeon.
             The game lasted 00:02:27 (428 turns).

4thArraOfDagon the Chopper (Hill Orc Fighter)        Turns: 428, Time: 00:02:28

Health: -3/47      AC:  9    Str: 19    XL:     5   Next: 61%
Magic:  5/5        EV:  5    Int:  9    God:
Gold:   79         SH:  9    Dex: 10    Spells: 0 memorised, 4 levels left

rFire  . . .     SeeInvis .     b - +1 war axe (venom)
rCold  . . .     Gourm    .     i - +0 chain mail
rNeg   . . .     Faith    .     c - +0 shield
rPois  .         Spirit   .     (no helmet)
rElec  .         Dismiss  .     (no cloak)
rCorr  .         Reflect  .     (no gloves)
SustAt .         Harm     .     (no boots)
MR     .....                    (no amulet)
Stlth  ..........               (no ring)
                                (no ring)

@: not resistant to hostile enchantments, extremely unstealthy
A: no striking features
a: Convert to Beogh


You were on level 5 of the Dungeon.
You were not hungry.

You visited 1 branch of the dungeon, and saw 5 of its levels.

You collected 79 gold pieces.

Inventory:

Hand Weapons
 a - a +0 war axe
 b - a +1 war axe of venom (weapon)
Missiles
 h - 4 tomahawks of returning (quivered)
Armour
 c - a +0 shield (worn)
 i - a +0 chain mail (worn)
Scrolls
 e - a scroll of identify {unknown}
Potions
 d - a potion of might
Comestibles
 f - 2 bread rations
 g - 3 fruits


   Skills:
 + Level 4.8 Fighting
 * Level 5.7 Axes
 + Level 4.2 Armour
 - Level 3.2 Shields


You had 4 spell levels left.
You didn't know any spells.

Dungeon Overview and Level Annotations

Branches:
Dungeon (5/15)
 Temple: D:4-7

Altars:
Gozag
Yredelemnul

Annotations:
D:4 Robin


Message History

The orc priest shouts, "Beogh is our master!
Accept the truth or die!" (press Y on the ability menu to convert to Beogh)
The orc priest shouts!
The orc priest mumbles some strange prayers to Beogh against you.
Beogh smites you!
* * * LOW HITPOINT WARNING * * *
Found 10 gold pieces.
An orc priest comes into view. It is wielding a dagger.
You start resting.
The orc priest invokes the aid of Beogh against you.
You barely resist.
Unknown command.
The orc priest hits you but does no damage.
Unknown command.
You slash the orc priest!
The orc priest looks as sick as possible!
The orc priest is severely wounded.
The orc priest calls down the wrath of Beogh upon you.
Beogh smites you!
You die...

#.# .# #######.. ... .. .#
###.... ..# #.# #. .# ....#
#.# #.# #.# .# ....#
#.###.# .. .#
....#####.....# #$#.# # .
..............####...#.#...
....#####.._...#.##....'...
......# #......#@##..#
....#.# #........o.#.#
#.....# #.#.####.#.#...
##..#######.# #.#.#.....
#........#.# #.#.##..###
##.#.#...#.. #.#.# ..#
#.#.....## #.#.# ..#
#.###...# #.#.#


oo# #....<..# #.#.# You could see an orc priest.

Vanquished Creatures
  Edmund (D:5)
  A scorpion (D:4)
  An adder (D:2)
  3 giant geckos
  An orc (D:5)
  A giant cockroach (D:4)
  2 goblins
  A kobold (D:2)
  A quokka (D:2)
  A bat (D:2)
13 creatures vanquished.

Notes
Turn   | Place    | Note
-------+----------+-------------------------------------------
     0 | D:1      | 4thArraOfDagon the Hill Orc Fighter began the quest for the Orb.
     0 | D:1      | Reached XP level 1. HP: 19/19 MP: 1/1
    38 | D:2      | Reached skill level 3 in Axes
    39 | D:2      | Reached XP level 2. HP: 19/27 MP: 2/2
   153 | D:3      | Found an opulent altar of Gozag.
   256 | D:5      | Entered Level 5 of the Dungeon
   292 | D:5      | Noticed Edmund
   307 | D:5      | Killed Edmund
   307 | D:5      | Reached skill level 5 in Axes
   307 | D:5      | Reached XP level 3. HP: 15/34 MP: 3/3
   307 | D:5      | Reached XP level 4. HP: 18/41 MP: 4/4
   307 | D:5      | Reached XP level 5. HP: 21/47 MP: 5/5
   351 | D:4      | Noticed Robin
   402 | D:5      | Found a basalt altar of Yredelemnul.
   428 | D:5      | Killed from afar by an orc priest

Vault maps used:
D:1:      dpeg_arrival_pits
D:2:      ecumenical_altar_2, first_bread
D:3:      nicolae_gozag_cash_rules_everything_around_me, uniq_natasha
D:4:      uniq_robin, uniq_duvessa, uniq_crazy_yiuf_cottage, uniq_blork_the_orc
D:5:      nicolae_overflow_hidden_temple, marbit_many_paths, basic_altar,
          minivault_25, kennysheep_potato, uniq_edmund

Skill      XL: |  1  2 |
---------------+-------+-----
Axes           | 3 5 |  5.7
Fighting       | 4 |  4.8
Armour         | 4 |  4.2
Shields        | |  3.2

Action                   |  1- 3 |  4- 6 || total
-------------------------+-------+-------++-------
Melee: War axe           |    38 |     7 ||    45
  Use: Potion            |     2 |       ||     2
       Scroll            |     1 |       ||     1
Armor: Scale mail        |    17 |       ||    17
       Chain mail        |     5 |     8 ||    13
Dodge: Dodged            |     6 |     5 ||    11
Block: Shield            |    12 |     1 ||    13
